 Dungeon Crawl Stone Soup version 0.31-a0-851-g7ff8af7976 (webtiles) character file.

Game seed: 830057999013003758

15029 Dirtsage the Severer (level 11, -1/139 HPs)
             Began as a Demonspawn Berserker on Oct 5, 2023.
             Was a High Priest of Trog.
             Slain by a five-headed hydra (10 damage)
             ... on level 2 of the Lair of Beasts.
             The game lasted 00:20:31 (9243 turns).

Dirtsage the Severer (Demonspawn Berserker)         Turns: 9243, Time: 00:20:32

Health: -1/139     AC: 18    Str: 22    XL:     11   Next: 96%
Magic:  11/11      EV:  9    Int: 13    God:    Trog [*****.]
Gold:   848        SH:  0    Dex: 13    Spells: 10/10 levels left

rFire   + . .        q - +4 hand axe "Deiborch" {flame, rElec rF+ Int+5 Stlth+}
rCold   + . .        (no shield)
rNeg    . . .        x - +2 chain mail {rPois}
rPois   +            c - +2 helmet
rElec   +            (no cloak)
rCorr   +            (no gloves)
SInv    .            (no boots)
Will    .....        s - amulet of regeneration Stlth
                     C - ring of resist corrosion
HPRegen 1.23/turn    I - ring of protection from cold
MPRegen 0.12/turn

%: no passive effects
@: berserking, studying Fighting, quick
A: molten scales 2, spiny 1, demonic touch 1
a: Renounce Religion, Berserk, Trog's Hand, Brothers in Arms


You were on level 2 of the Lair of Beasts.
You worshipped Trog.
Trog was extremely pleased with you.
You visited 3 branches of the dungeon, and saw 12 of its levels.
You also visited: Sewer, Ossuary and Volcano.

You collected 848 gold pieces.

Inventory:

Hand Weapons
 p - a +0 war axe
 q - the +4 hand axe "Deiborch" (weapon) {flame, rElec rF+ Int+5 Stlth+}
   (You found it on level 3 of the Dungeon)

   Int+5:     It affects your intelligence (+5).
   rF+:       It protects you from fire.
   rElec:     It insulates you from electricity.
   Stlth+:    It makes you more stealthy.
 T - the +2 broad axe of Morality {heavy, Fragile rElec rC+ Dex+4}
   (Trog gifted it to you on level 1 of the Lair of Beasts)

   Dex+4:     It affects your dexterity (+4).
   rC+:       It protects you from cold.
   rElec:     It insulates you from electricity.
   Fragile:   It will be destroyed if unequipped.
Missiles
 n - 16 boomerangs
 E - 2 curare-tipped darts
 G - 3 throwing nets
Armour
 c - a +2 helmet (worn)
 x - a +2 chain mail of poison resistance (worn)
 R - a +4 ring mail of fire resistance
Jewellery
 s - an amulet of regeneration (around neck)
 C - a ring of resist corrosion (left hand)
 I - a ring of protection from cold (right hand)
 N - the ring "Miomik" {rN++ Str+6}
   (You took it off a gnoll on level 7 of the Dungeon)

   [ring of strength]

   Str+6:     It affects your strength (+6).
   rN++:      It greatly protects you from negative energy.
 O - an amulet of reflection
Wands
 H - a wand of polymorph (5)
 L - a wand of charming (19)
 M - a wand of light (4)
 S - a wand of iceblast (7)
Scrolls
 b - a scroll of immolation {unknown}
 e - 4 scrolls of vulnerability {unknown}
 g - 3 scrolls of fear
 i - a scroll of identify
 j - 2 scrolls of amnesia
 l - a scroll of noise
 o - 2 scrolls of torment
 t - 5 scrolls of teleportation
 y - a scroll of acquirement {unknown}
 z - 2 scrolls of silence {unknown}
 B - 2 scrolls of blinking
 D - 2 scrolls of poison
 F - a scroll of brand weapon {unknown}
 J - 2 scrolls of enchant weapon {unknown}
 K - 3 scrolls of fog
 P - a scroll of butterflies {unknown}
 U - a scroll of enchant armour {unknown}
 V - a scroll of revelation {unknown}
Potions
 a - 8 potions of haste {unknown}
 d - 2 potions of degeneration {unknown}
 f - 3 potions of ambrosia {unknown}
 h - a potion of attraction {unknown}
 k - 3 potions of mutation {unknown}
 m - 2 potions of heal wounds {unknown}
 r - a potion of magic {unknown}
 u - 6 potions of curing {unknown}
 v - 4 potions of might {unknown}
 w - a potion of invisibility {unknown}
 A - 4 potions of lignification {unknown}
 Q - 2 potions of resistance {unknown}


   Skills:
 + Level 11.0 Fighting
 * Level 15.2 Axes
 + Level 7.0 Armour
 - Level 1.7 Dodging


You had 10 spell levels left.
You didn't know any spells.
Your spell library contained the following spells:

 Spells                   Type           Power      Damage    Failure   Level
 Sandblast                Erth           0%         2d4       86%         1
 Blink                    Tloc           0%         N/A       95%         2
 Passwall                 Tmut/Erth      0%         N/A       95%         2
 Stone Arrow              Conj/Erth      0%         3d7       99%         3
 Tukima's Dance           Hex            0%         N/A       99%         3
 Brom's Barrelling Bould  Conj/Erth      0%         2d3       100%        4
 Dimensional Bullseye     Hex/Tloc       0%         N/A       100%        4
 Iskenderun's Mystic Bla  Conj/Tloc      0%         2d3       100%        4
 Manifold Assault         Tloc           0%         N/A       100%        4
 Vhi's Electric Charge    Tloc/Air       0%         N/A       100%        4
 Arcjolt                  Conj/Air       0%         1d10      100%        5
 Fireball                 Conj/Fire      0%         3d3       100%        5
 Iskenderun's Battlesphe  Conj           0%         2d6       100%        5
 Conjure Ball Lightning   Conj/Air       0%         3x3d6     100%        6
 Orb of Destruction       Conj           0%         9d5       100%        7
 Maxwell's Capacitive Co  Air            0%         ∞         100%        8


Dungeon Overview and Level Annotations

Branches:
Dungeon (9/15)             Temple (1/1) D:7            Lair (2/5) D:8
    Orc (0/2) D:9           Sewer (visited)         Ossuary (visited)
Volcano (visited)
  Swamp: Lair:2-3    Shoals: Lair:2-3     Snake: Lair:2-3    Spider: Lair:2-3

Altars:
Ashenzari
Cheibriados
Dithmenos
Fedhas
Gozag
Hepliaklqana
Kikubaaqudgha
Makhleb
Nemelex Xobeh
Okawaru
Qazlal
Ru
Sif Muna
Trog
Uskayaw
Vehumet
Wu Jian
Xom
Yredelemnul

Shops:
D:9 (

Portals:
Abyss: Lair:1

Annotations:
Lair:1 2 transporters, sXerra's ghost, journeyman MfIE


Innate Abilities, Weirdness & Mutations

You are mostly covered in molten scales. (AC +3)
You are partially covered in sharp spines.
Your touch may inflict minor irresistible damage on your foes.


Message History

The harpoon shot misses you.
The swamp worm fires a harpoon shot at you.
The harpoon shot misses you.
Your unstable footing causes you to fumble your attack.
The five-headed hydra is struck by your spines.
The five-headed hydra bites you!
The five-headed hydra bites you but does no damage. x3
The five-headed hydra bites you.
The swamp worm fires a harpoon shot at you.
The harpoon shot hits you!!
You are yanked forward by the harpoon shot.
You violently stop moving!
Splash!
You take 35 damage, and have 50/93 hp.
MASSIVE DAMAGE!!
Your unstable footing causes you to fumble your attack.
The swamp worm is struck by your spines.
The swamp worm bites you but does no damage.
Your unstable footing causes you to fumble your attack.
The five-headed hydra is struck by your spines.
The five-headed hydra bites you but does no damage.
The five-headed hydra bites you! x3
* * * LOW HITPOINT WARNING * * *
The five-headed hydra bites you!
* * * LOW HITPOINT WARNING * * *
The swamp worm is struck by your spines.
The swamp worm bites you.
* * * LOW HITPOINT WARNING * * *
You take 40 damage, and have 10/93 hp.
MASSIVE DAMAGE!!
A red film seems to cover your vision as you go berserk!
You feel yourself moving faster!
You feel mighty!
The swamp worm is struck by your spines.
The swamp worm bites you but does no damage.
The swamp worm is struck by your spines.
The swamp worm closely misses you.
The five-headed hydra bites you but does no damage.
The five-headed hydra bites you!
* * * LOW HITPOINT WARNING * * *
The five-headed hydra bites you but does no damage.
The five-headed hydra bites you!
You die...

P#... #.. ..... ##..
.###. #..P ## #..# #
♣♣..♣♣♣♣♣♣♣ #
♣...~~~~≈≈♣ #
♣≈~~w~~≈≈♣#### ##
♣~@w≈~~≈♣♣..# ##†
♣.D.w~~≈♣♣...# ##.'
♣♣...♣♣♣♣....####..#
♣♣§.§§ ♣♣........P#
♣♣♣♣§§ ♣♣..##.####
§§♣ ##.#..# #
..♣♣.##### # ..♣♣##
♣♣##


You could see a five-headed hydra and 3 swamp worms.

Vanquished Creatures
  An orc sorcerer (Volcano)
  2 ugly things (Volcano)
  4 black mambas (Lair:2)
  A molten gargoyle (Lair:1)
  4 cane toads
  A smoke demon (Volcano)
  2 rime drakes (Lair:1)
  5 komodo dragons
  2 red devils (Volcano)
  A troll (D:9)
  3 hornets
  Sigmund (D:6)
  2 steam dragons
  4 basilisks
  A warg (Lair:1)
  11 water moccasins
  Duvessa (D:5)
  A swamp drake (D:8)
  An ice beast (D:7)
  3 orc warriors
  2 black bears
  An ogre (D:7)
  12 wolves (Lair:1)
  5 centaurs
  5 kobold brigands
  14 scorpions
  3 bullfrogs
  2 gnoll sergeants
  Dowan (D:5)
  The ghost of ScrombusTheWizard the Magician, a weakling DjIE (D:3)
  A howler monkey (D:5)
  2 centaur zombies (Ossuary)
  2 jellies
  10 orc priests
  6 hounds
  A human zombie (Ossuary)
  Terence (D:3)
  Jessica (D:3)
  4 scorpion zombies (Ossuary)
  A sleepcap (D:6)
  9 iguanas
  4 orc wizards
  A scorpion simulacrum (D:3)
  3 mummies (Ossuary)
  23 gnolls
  9 adders
  3 river rats
  2 hound simulacra (D:3)
  A howler monkey simulacrum (D:3)
  5 worms
  5 dart slugs
  An adder simulacrum (D:3)
  38 orcs
  7 bats
  6 endoplasms
  2 giant cockroaches
  2 gnoll zombies (Ossuary)
  15 goblins
  10 hobgoblins
  2 jackals (D:2)
  4 quokkas
  12 ball pythons
  A ball python simulacrum (D:3)
  3 frilled lizards
  3 hobgoblin zombies (Ossuary)
  28 kobolds
  2 kobold zombies (Ossuary)
  2 orc zombies (Ossuary)
  13 rats
342 creatures vanquished.

Vanquished Creatures (others)
  A basilisk (D:8)
1 creature vanquished.

Grand Total: 343 creatures vanquished

Notes
Turn   | Place    | Note
-------+----------+-------------------------------------------
     0 | D:1      | Dirtsage the Demonspawn Berserker began the quest for the
                  | Orb.
     0 | D:1      | Reached XP level 1. HP: 18/18 MP: 1/1
    74 | D:1      | Reached skill level 3 in Axes
   199 | D:1      | Gained mutation: You are partially covered in sharp spines.
                  | [demonic ancestry]
   199 | D:1      | Reached XP level 2. HP: 24/24 MP: 2/2
   962 | D:2      | Reached XP level 3. HP: 29/29 MP: 3/3
   985 | D:2      | Reached skill level 4 in Axes
  1512 | D:3      | Gained mutation: You are partially covered in molten
                  | scales. (AC +2) [demonic ancestry]
  1512 | D:3      | Reached XP level 4. HP: 11/35 MP: 4/4
  1514 | D:3      | Reached ** piety under Trog
  1515 | D:3      | Reached skill level 5 in Axes
  1515 | D:3      | Gained mutation: You are mostly covered in molten scales.
                  | (AC +3) [demonic ancestry]
  1515 | D:3      | Reached XP level 5. HP: 7/41 MP: 5/5
  1680 | D:3      | Noticed ScrombusTheWizard's ghost (weakling DjIE)
  1708 | D:3      | Noticed Jessica
  1712 | D:3      | Killed Jessica
  1738 | D:3      | Noticed Terence
  1746 | D:3      | Killed Terence
  1785 | D:3      | Found a faded altar of an unknown god.
  1795 | D:3      | Reached skill level 6 in Axes
  1925 | D:3      | Found a runed translucent gate.
  1925 | D:3      | Found a runed translucent gate.
  1937 | D:3      | Found a runed translucent gate.
  1959 | D:3      | Reached XP level 6. HP: 47/47 MP: 6/6
  1971 | D:3      | Killed ScrombusTheWizard's ghost
  2064 | D:3      | Identified the +4 hand axe "Deiborch" {flame, rElec rF+
                  | Int+5 Stlth+}
  2243 | D:3      | Found a faded altar of an unknown god.
  2246 | D:3      | Found a blossoming altar of Fedhas.
  2410 | D:4      | Reached *** piety under Trog
  2612 | D:4      | Reached skill level 7 in Axes
  2770 | D:5      | Entered Level 5 of the Dungeon
  2909 | D:5      | Reached XP level 7. HP: 52/52 MP: 7/7
  2914 | D:5      | Noticed Duvessa
  2914 | D:5      | Noticed Dowan
  2921 | D:5      | Killed Duvessa
  2927 | D:5      | Killed Dowan
  2928 | D:5      | Reached skill level 8 in Axes
  3059 | D:5      | Found a sand-covered staircase.
  3066 | Ossuary  | Entered an ossuary
  3128 | Ossuary  | Reached skill level 9 in Axes
  3128 | Ossuary  | Reached XP level 8. HP: 49/58 MP: 8/8
  3236 | Ossuary  | Reached skill level 10 in Axes
  3311 | Ossuary  | Reached **** piety under Trog
  4052 | D:6      | Reached skill level 11 in Axes
  4186 | D:6      | Reached XP level 9. HP: 60/63 MP: 9/9
  4213 | D:6      | Found a glowing drain.
  4226 | Sewer    | Entered a sewer
  4490 | Sewer    | Reached ***** piety under Trog
  4821 | D:6      | Noticed Sigmund
  4832 | D:6      | Killed Sigmund
  4833 | D:6      | Reached skill level 12 in Axes
  5239 | D:6      | Found a basalt altar of Yredelemnul.
  5588 | D:7      | Paralysed by a hornet for 1 turns
  5673 | D:7      | Found a staircase to the Ecumenical Temple.
  5712 | D:7      | Reached skill level 5 in Fighting
  5730 | Temple   | Entered the Ecumenical Temple
  5844 | D:7      | Identified the ring "Miomik" {rN++ Str+6}
  6176 | D:8      | Gained mutation: Your touch may inflict minor irresistible
                  | damage on your foes. [demonic ancestry]
  6176 | D:8      | Reached XP level 10. HP: 74/74 MP: 10/10
  6552 | D:8      | Reached skill level 13 in Axes
  6647 | D:8      | Received a gift from Trog
  6724 | D:8      | Found a staircase to the Lair.
  7052 | D:9      | Found Eqa Cuytywu's Hydra Hut.
  7056 | D:9      | Noticed a five-headed hydra
  7245 | D:9      | Paralysed by a hornet for 2 turns
  7432 | D:9      | Found a staircase to the Orcish Mines.
  7569 | D:9      | Upgraded the game from 0.31-a0-848-gaac375c287 to
                  | 0.31-a0-851-g7ff8af7976
  7669 | Lair:1   | Entered Level 1 of the Lair of Beasts
  7675 | Lair:1   | Reached skill level 5 in Armour
  7699 | Lair:1   | Noticed a molten gargoyle
  7713 | Lair:1   | Killed a molten gargoyle
  7748 | Lair:1   | Reached XP level 11. HP: 84/84 MP: 11/11
  7807 | Lair:1   | Reached skill level 14 in Axes
  7843 | Lair:1   | Noticed a wretched star
  8070 | Lair:1   | Found a transporter.
  8086 | Lair:1   | Noticed a spriggan rider
  8086 | Lair:1   | Noticed a brown ugly thing
  8087 | Lair:1   | Found a one-way gate to the infinite horrors of the Abyss.
  8087 | Lair:1   | Noticed sXerra's ghost (journeyman MfIE)
  8278 | Lair:1   | Found a dark tunnel.
  8286 | Volcano  | Entered a volcano
  8377 | Volcano  | Noticed a red ugly thing
  8390 | Volcano  | Killed a red ugly thing
  8470 | Volcano  | Noticed an orc sorcerer
  8470 | Volcano  | Noticed a red ugly thing
  8477 | Volcano  | Killed a red ugly thing
  8482 | Volcano  | Killed an orc sorcerer
  8592 | Lair:1   | Reached skill level 10 in Fighting
  8696 | Lair:1   | Identified the +2 broad axe of Morality {heavy, Fragile
                  | rElec rC+ Dex+4} (Trog gifted it to you on level 1 of the
                  | Lair of Beasts)
  8696 | Lair:1   | Received a gift from Trog
  8790 | Lair:1   | Found a transporter.
  8812 | Lair:1   | Noticed a rakshasa
  8964 | Lair:2   | Reached skill level 15 in Axes
  9236 | Lair:2   | Noticed a seven-headed hydra
  9243 | Lair:2   | Slain by a five-headed hydra

Illustrated notes

Levels and vault maps discovered:
D:1:      saegor_arrival_miasma, layout_basic,
          nicolae_concentric_dashed_squares_mild, hangedman_decor_points,
          minmay_gold_behind_fungi
D:2:      layout_basic
D:3:      layout_loops_ring, nicolae_overflow_ecumenical_swirl,
          gammafunk_ghost_icy, ebering_ecumenical_altar_abandoned, uniq_jessica,
          uniq_terence
D:4:      layout_rooms, mainiacjoe_overflow_24_doors, chequers_garden
D:5:      layout_loops_corners, nicolae_ossuary_entry_monument, uniq_duvessa
D:6:      corexii_shantytown, layout_loops_cross, mainiacjoe_overflow_boulevard,
          portal_sewer_entry_c, chequers_serial_rivers_micro_b,
          grunt_ministairs_2, lexackson_kobold_supper, uniq_sigmund
D:7:      layout_cave_pools, minmay_temple_entry_mist
D:8:      layout_rooms, erik_lair_dragon
D:9:      layout_irregular_city, hiddenorc1_lemuel, doesnt_shop_hydraphobe
Temple:   hellmonk_temple_of_storms
Lair:1:   beast_lair_carwin_large_1, layout_gridlike,
          gammafunk_ghost_abyssal_escape, lightli_volcano_entry_magma_tube
Lair:2:   layout_roguey, palyth_hydra_swamp_entry,
          minmay_snake_entry_six_corridors, serial_bayou_shore_b

Skill      XL: |  1  2  3  4  5  6  7  8  9 10 11 |
---------------+----------------------------------+-----
Axes           | 3 4 5 6 7 9 11 12 13 15 | 15.2
Armour         | 3 5 7 |  7.0
Fighting       | 5 8 11 | 11.0
Dodging        | |  1.7

Action                     |  1- 3 |  4- 6 |  7- 9 | 10-12 || total
---------------------------+-------+-------+-------+-------++-------
  Melee: Hand axe          |    89 |    52 |   382 |   284 ||   807
         War axe           |       |    35 |       |       ||    35
         Punch             |       |     3 |     4 |     3 ||    10
         Touch             |       |       |       |    49 ||    49
 Invoke: Berserk           |     1 |       |       |     4 ||     5
  Evoke: Wand              |       |       |       |     2 ||     2
    Use: Scroll            |       |     4 |       |     4 ||     8
   Stab: Confused          |       |       |       |     3 ||     3
         Invisible         |       |       |       |     4 ||     4
 Armour: Leather armour    |    16 |       |       |       ||    16
         Animal skin       |     4 |       |       |       ||     4
         Scale mail        |    21 |    50 |     9 |       ||    80
         Chain mail        |       |       |   264 |   251 ||   515
         Ring mail         |       |       |       |     3 ||     3
  Dodge: Dodged            |    36 |    28 |   114 |    96 ||   274

Table legend: (Time is in decaauts)
 A = Elapsed time spent in this place.
 B = Non-inter-level travel time spent in this place.
 C = Inter-level travel time spent in this place.
 D = Time resting spent in this place.
 E = Time spent auto-exploring this place.
 F = Levels seen in this place.
 G = Mean time per level.
                   A        B        C        D        E       F      G
               +--------+--------+--------+--------+--------+-----+--------+
         Total |   9261 |   8450 |    811 |    346 |   6393 |  15 |  617.4 |
       Dungeon |   6775 |   6336 |    439 |    233 |   5059 |   9 |  752.8 |
        Temple |      1 |      1 |      0 |      0 |      0 |   1 |    1.0 |
          Lair |   1264 |    893 |    371 |     71 |    597 |   2 |  632.0 |
         Sewer |    634 |    634 |      0 |      0 |    467 |   1 |  634.0 |
       Ossuary |    310 |    310 |      0 |      0 |    148 |   1 |  310.0 |
       Volcano |    273 |    273 |      0 |     41 |    121 |   1 |  273.0 |
               +--------+--------+--------+--------+--------+-----+--------+

Top non-repeatable levels by time:
     D:6: 998 daAuts
     D:1: 947 daAuts
     D:5: 940 daAuts
  Lair:1: 929 daAuts
     D:3: 804 daAuts
     D:8: 759 daAuts
     D:9: 755 daAuts
   Sewer: 634 daAuts
     D:2: 564 daAuts
     D:7: 524 daAuts
     D:4: 482 daAuts
  Lair:2: 335 daAuts
 Ossuary: 310 daAuts
 Volcano: 273 daAuts
  Temple: 1 daAuts
